 Dungeon Crawl Stone Soup version 0.14-a0-1969-g2c76abe (webtiles) character file.

98 Kae the Vexing (level 2, 0/13 HPs)
             Began as a Spriggan Enchanter on Jan 17, 2014.
             Slain by an adder (4 damage)
             ... on Level 2 of the Dungeon.
             The game lasted 00:02:43 (1841 turns).

Kae the Vexing (Spriggan Enchanter)                 Turns: 1841, Time: 00:02:43

HP   0/13        AC  3     Str  4      XL: 2   Next: 89%
MP   1/8         EV 17     Int 16      God:
Gold 72          SH  0     Dex 13      Spells:  2 memorised,  4 levels left

rFire  . . .     SeeInvis +     a - +1 dagger
rCold  . . .     Clarity  .     b - +1 robe
rNeg   . . .     Conserve .     (shield restricted)
rPois  .         rCorr    .     (helmet restricted)
rElec  .         rRot     .     (no cloak)
SustAb . .       Spirit   .     (gloves unavailable)
rMut   .         Warding  .     (boots unavailable)
Saprov . . .     Stasis   .     (no amulet)
MR     .....                    j - ring of see invisible {unknown}
                                h - cursed -3 ring of dexterity

@: mildly poisoned, very slightly contaminated, very quick, not resistant to
hostile enchantments, stealthy
A: unfitting armour, see invisible, herbivore 3, speed 3, slow metabolism 2
a: no special abilities


You were on level 2 of the Dungeon.
You were not hungry.

You visited 1 branch of the dungeon, and saw 2 of its levels.

You collected 72 gold pieces.

Inventory:

Hand weapons
 a - a +1,+1 dagger (weapon)
Missiles
 d - 12 darts (quivered)
Armour
 b - a +1 robe (worn)
Scrolls
 l - a scroll of teleportation {unknown}
Jewellery
 h - a cursed -3 ring of dexterity (left hand)
 j - a ring of see invisible (right hand) {unknown}
Potions
 e - a potion of porridge
 f - a potion of curing {unknown}
 g - a potion of invisibility {unknown}
 i - a potion of lignification {unknown}
 k - a potion of heal wounds {unknown}
Books
 c - a book of Maledictions

   Spells                             Type                      Level
   *Corona                            Hexes                        1
   Sure Blade                         Hexes/Charms                 2
   *Ensorcelled Hibernation           Hexes/Ice                    2
   Confuse                            Hexes                        3
   Enslavement                        Hexes                        4
   Invisibility                       Hexes                        6


   Skills:
 * Level 1.7 Short Blades
 - Level 1.1 Throwing
 - Level 3.0 Dodging
 * Level 3.7 Stealth
 + Level 3.1 Spellcasting
 + Level 4.1 Hexes


You had 4 spell levels left.
You knew the following spells:

 Your Spells              Type           Power        Failure   Level  Hunger
a - Corona                Hex            ###....      4%          1    None
b - Ensorcelled Hibernat  Hex/Ice        #.....       14%         2    ##.....


Dungeon Overview and Level Annotations

Branches:
Dungeon (2/16)

Altars:
Kikubaaqudgha


Innate Abilities, Weirdness & Mutations

You are tiny and cannot use many weapons and most armour.
You have supernaturally acute eyesight.
You are a herbivore.
You cover ground extremely quickly.
You need consume almost no food.


Message History

Confirm with . or Enter, or press ? or * to list all spells.
Aiming: Ensorcelled Hibernation
Press: ? - help, Shift-Dir - straight line, f/p - adder
Aim: an adder (softly glowing)
The adder resists.
The adder closely misses you.
Casting: Ensorcelled Hibernation
Confirm with . or Enter, or press ? or * to list all spells.
You don't have enough magic to cast that spell.
You hit the adder.
The adder is moderately wounded.
The adder bites you.
You are poisoned.
The adder poisons you!
You hit the adder but do no damage.
The adder is moderately wounded.
The adder closely misses you.
You hit the adder.
The adder is severely wounded.
You feel sick. The adder bites you.
You die...

## ###. ... #.#####
#.....## #####
######.....######
.......#.Sg.......#....#
#...$.@####.....#.##.#
#.#.##.# #........#.#
#########.....#..#.#
###.........l...#.#
#z#._..##.g.##..#.#
####.............#.#
######....##.#>.#.#
#.#......l......##
#.#....#...#.#....


You could see an adder and a hobgoblin.

Vanquished Creatures
  3 goblins (D:1)
  3 hobgoblins (D:1)
  4 jackals (D:1)
  4 bats
  A giant gecko (D:1)
  4 giant newts (D:1)
  A goblin skeleton (D:2)
  A hobgoblin zombie (D:2)
  A kobold skeleton (D:2)
  An orc skeleton (D:2)
  4 rats
  A rat zombie (D:2)
28 creatures vanquished.

Vanquished Creatures (others)
  A human (D:2)
1 creature vanquished.

Grand Total: 29 creatures vanquished

Notes
Turn   | Place    | Note
--------------------------------------------------------------
     0 | D:1      | Kae, the Spriggan Enchanter, began the quest for the Orb.
     0 | D:1      | Reached XP level 1. HP: 9/9 MP: 4/4
   483 | D:1      | Reached XP level 2. HP: 5/13 MP: 3/7
   665 | D:1      | Learned a level 2 spell: Ensorcelled Hibernation
  1285 | D:1      | Reached skill level 4 in Hexes
  1322 | D:2      | Found an ancient bone altar of Kikubaaqudgha.
  1324 | D:2      | Noticed a human
  1328 | D:2      | Killed a human
  1841 | D:2      | Slain by an adder

Action                   || total
-------------------------++-------
Melee: Dagger            ||   129
 Cast: Corona            ||     5
       Ensorcelled Hiber ||     7
  Use: Scroll            ||     1
 Stab: Sleeping          ||     4
